[ AOE2 MATCH · #466726168 ]
UnrankedBritons vs Burmese
Player's team · WIN
Rival team · LOSS
[ REPLAY ANALYSIS · EXTRACTED FROM THE RECORDED GAME ]
Feudal
—
Castle
—
Imperial
—
| APM avg | 10.4 |
| APM peak | 34 |
| eAPM avg | 8.5 |
| Villagers / military | 89 / 147 |
Focus
⚔️ 44.1% · 🌾 55.9%
Longbowman ×66 · Spearman ×29 · Scorpion ×23 · Archer ×20 · Trebuchet (Packed) ×7 · Monk ×2
Feudal
—
Castle
—
Imperial
—
| APM avg | 31.5 |
| APM peak | 165 |
| eAPM avg | 23.4 |
| Villagers / military | 47 / 107 |
Focus
⚔️ 14.7% · 🌾 85.3%
Skirmisher ×37 · Battle Elephant ×27 · Arambai ×17 · Scout Cavalry ×11 · Trebuchet (Packed) ×5 · Monk ×4
Match map
Initial resources + every placement click. Lines = walls · curves = elevation contours. ◆ gold · ⬟ stone · ● berries · ✦ relic · ◌ wall gap
Your base· ✓ Closed at 22:57 · 42t walls · no gate
ANTDILLIGAF2's base· ✓ Closed at 21:44 · 0t walls · no gate
Smoothed initial terrain · ◌ = detected wall gap · hover for details
Inputs per minute
— Gutiyo1 - - ANTDILLIGAF2
Build order — Gutiyo1
First 150 of 392 actions detected
| 0:04 | Research | Loom |
| 0:04 | Create | Villager (Male) |
| 0:04 | Create | Villager (Male) |
| 0:05 | Create | Villager (Male) |
| 0:05 | Create | Villager (Male) |
| 0:05 | Create | Villager (Male) |
| 0:12 | Build | House |
| 0:14 | Build | House |
| 0:16 | Build | House |
| 0:19 | Build | House |
| 0:21 | Build | House |
| 3:12 | Create | Villager (Male) |
| 3:13 | Create | Villager (Male) |
| 3:13 | Create | Villager (Male) |
| 3:13 | Create | Villager (Male) |
| 3:35 | Create | Villager (Male) |
| 3:35 | Create | Villager (Male) |
| 3:54 | Build | Lumber Camp |
| 4:28 | Create | Villager (Male) |
| 4:29 | Create | Villager (Male) |
| 4:29 | Create | Villager (Male) |
| 5:12 | Create | Villager (Male) |
| 5:12 | Create | Villager (Male) |
| 5:12 | Create | Villager (Male) |
| 5:18 | Create | Villager (Male) |
| 6:42 | Build | Mill |
| 7:42 | Create | Villager (Male) |
| 7:43 | Create | Villager (Male) |
| 7:43 | Create | Villager (Male) |
| 8:45 | Build | Mining Camp |
| 9:07 | Create | Villager (Male) |
| 9:07 | Create | Villager (Male) |
| 9:44 | Research | Feudal Age |
| 10:08 | Build | House |
| 10:11 | Build | House |
| 10:16 | Build | House |
| 10:18 | Build | House |
| 10:21 | Build | House |
| 10:23 | Build | House |
| 10:26 | Build | House |
| 11:09 | Build | Barracks |
| 11:11 | Build | Barracks |
| 12:12 | Research | Wheelbarrow |
| 12:16 | Research | Horse Collar |
| 12:24 | Research | Double-Bit Axe |
| 13:00 | Build | Farm |
| 13:07 | Build | Farm |
| 13:12 | Create | Villager (Male) |
| 13:13 | Create | Villager (Male) |
| 13:13 | Create | Villager (Male) |
| 13:37 | Build | Blacksmith |
| 13:59 | Build | Stone Wall |
| 14:02 | Build | Stone Wall |
| 14:06 | Build | Stone Wall |
| 14:10 | Build | Stone Wall |
| 14:16 | Build | Stone Wall |
| 14:28 | Build | Mining Camp |
| 14:52 | Create | Villager (Male) |
| 14:52 | Create | Villager (Male) |
| 14:52 | Create | Villager (Male) |
| 14:53 | Create | Villager (Male) |
| 14:53 | Create | Villager (Male) |
| 15:16 | Create | Villager (Male) |
| 15:16 | Create | Villager (Male) |
| 15:17 | Create | Villager (Male) |
| 15:17 | Create | Villager (Male) |
| 15:24 | Build | Farm |
| 15:51 | Build | Farm |
| 16:19 | Build | Market |
| 16:44 | Build | Archery Range |
| 16:47 | Build | Archery Range |
| 16:59 | Research | Gold Mining |
| 17:16 | Research | Fletching |
| 17:16 | Research | Padded Archer Armor |
| 18:06 | Create | Villager (Male) |
| 18:06 | Create | Villager (Male) |
| 18:06 | Create | Villager (Male) |
| 18:06 | Create | Villager (Male) |
| 18:28 | Build | Farm |
| 18:42 | Build | Farm |
| 19:08 | Build | Farm |
| 19:33 | Build | Farm |
| 19:38 | Create | Villager (Male) |
| 19:38 | Create | Villager (Male) |
| 19:39 | Create | Villager (Male) |
| 19:39 | Create | Villager (Male) |
| 19:39 | Create | Villager (Male) |
| 19:40 | Create | Villager (Male) |
| 19:40 | Create | Villager (Male) |
| 19:55 | Build | Farm |
| 19:59 | Build | Farm |
| 20:04 | Build | Farm |
| 20:11 | Build | Farm |
| 20:18 | Build | Farm |
| 20:26 | Build | Farm |
| 20:36 | Build | Mill |
| 21:35 | Research | Stone Mining |
| 22:48 | Build | Farm |
| 22:57 | Research | Castle Age |
| 23:27 | Build | Gate |
| 24:02 | Research | Forging |
| 24:04 | Research | Scale Mail Armor |
| 24:13 | Create | Archer |
| 24:14 | Create | Archer |
| 24:14 | Create | Archer |
| 24:14 | Create | Archer |
| 24:15 | Create | Archer |
| 24:15 | Create | Archer |
| 24:15 | Create | Archer |
| 24:15 | Create | Archer |
| 24:16 | Create | Archer |
| 24:16 | Create | Archer |
| 24:16 | Create | Archer |
| 24:17 | Create | Archer |
| 24:17 | Create | Archer |
| 25:42 | Research | Heavy Plow |
| 25:48 | Research | Bow Saw |
| 25:54 | Research | Gold Shaft Mining |
| 25:59 | Research | Hand Cart |
| 26:00 | Create | Villager (Male) |
| 26:01 | Create | Villager (Male) |
| 26:01 | Create | Villager (Male) |
| 26:01 | Create | Villager (Male) |
| 26:02 | Create | Villager (Male) |
| 26:02 | Create | Villager (Male) |
| 27:11 | Research | Bodkin Arrow |
| 27:12 | Research | Leather Archer Armor |
| 28:25 | Build | Castle |
| 28:43 | Build | Monastery |
| 28:50 | Create | Villager (Male) |
| 28:50 | Create | Villager (Male) |
| 28:50 | Create | Villager (Male) |
| 28:51 | Create | Villager (Male) |
| 28:51 | Create | Villager (Male) |
| 28:51 | Create | Villager (Male) |
| 29:16 | Build | Archery Range |
| 29:17 | Build | Archery Range |
| 29:22 | Build | Archery Range |
| 29:48 | Create | Monk |
| 29:48 | Create | Monk |
| 30:04 | Build | Siege Workshop |
| 30:09 | Build | Siege Workshop |
| 30:13 | Build | Siege Workshop |
| 31:16 | Build | House |
| 31:17 | Build | House |
| 31:19 | Build | House |
| 31:21 | Build | House |
| 31:24 | Build | House |
| 31:26 | Build | House |
| 31:30 | Build | House |
Build order — ANTDILLIGAF2
First 150 of 430 actions detected
| 0:09 | Build | House |
| 0:17 | Build | House |
| 0:23 | Create | Villager (Male) |
| 0:23 | Create | Villager (Male) |
| 0:23 | Create | Villager (Male) |
| 0:23 | Create | Villager (Male) |
| 0:24 | Create | Villager (Male) |
| 2:26 | Create | Villager (Male) |
| 2:53 | Create | Villager (Male) |
| 3:16 | Create | Villager (Male) |
| 4:10 | Build | Lumber Camp |
| 4:29 | Research | Loom |
| 4:31 | Create | Villager (Male) |
| 4:31 | Create | Villager (Male) |
| 4:31 | Create | Villager (Male) |
| 5:07 | Create | Villager (Male) |
| 5:41 | Create | Villager (Male) |
| 5:49 | Build | House |
| 7:11 | Build | Mill |
| 7:29 | Build | Barracks |
| 7:52 | Build | Mining Camp |
| 8:04 | Create | Villager (Male) |
| 8:04 | Create | Villager (Male) |
| 8:05 | Create | Villager (Male) |
| 9:55 | Build | Farm |
| 10:00 | Build | Farm |
| 10:06 | Create | Villager (Male) |
| 10:07 | Create | Villager (Male) |
| 10:08 | Create | Villager (Male) |
| 10:40 | Build | Farm |
| 11:03 | Build | House |
| 11:36 | Research | Feudal Age |
| 12:02 | Create | Villager (Male) |
| 12:55 | Build | Mill |
| 13:20 | Build | Mining Camp |
| 13:53 | Research | Wheelbarrow |
| 14:07 | Create | Militia |
| 14:20 | Build | Farm |
| 14:25 | Create | Villager (Male) |
| 14:45 | Build | Farm |
| 14:55 | Build | Farm |
| 15:41 | Create | Villager (Male) |
| 15:44 | Create | Villager (Male) |
| 15:58 | Research | Horse Collar |
| 17:08 | Build | House |
| 17:58 | Build | Blacksmith |
| 18:07 | Build | Market |
| 18:23 | Build | House |
| 18:33 | Create | Villager (Male) |
| 18:34 | Create | Villager (Male) |
| 18:52 | Create | Villager (Male) |
| 19:25 | Build | House |
| 19:55 | Build | House |
| 20:33 | Create | Villager (Male) |
| 20:34 | Create | Villager (Male) |
| 20:34 | Create | Villager (Male) |
| 20:52 | Build | Stable |
| 21:44 | Research | Castle Age |
| 22:16 | Create | Scout Cavalry |
| 22:30 | Build | Farm |
| 22:34 | Build | Farm |
| 22:40 | Build | Farm |
| 22:45 | Build | Farm |
| 22:50 | Create | Villager (Male) |
| 22:52 | Create | Villager (Male) |
| 23:05 | Build | Farm |
| 23:11 | Build | Farm |
| 23:14 | Build | Farm |
| 23:18 | Build | Farm |
| 23:37 | Research | Fletching |
| 24:03 | Research | Bloodlines |
| 25:23 | Build | Monastery |
| 25:34 | Build | University |
| 25:43 | Create | Knight |
| 25:46 | Research | Husbandry |
| 25:50 | Create | Battle Elephant |
| 25:50 | Create | Battle Elephant |
| 25:51 | Create | Battle Elephant |
| 26:23 | Create | Monk |
| 26:24 | Create | Monk |
| 26:25 | Research | Fervor |
| 26:46 | Build | Mining Camp |
| 27:43 | Create | Battle Elephant |
| 27:44 | Create | Battle Elephant |
| 27:45 | Create | Battle Elephant |
| 27:46 | Create | Battle Elephant |
| 27:50 | Create | Knight |
| 28:06 | Create | Monk |
| 28:06 | Create | Monk |
| 28:46 | Build | House |
| 28:53 | Build | House |
| 29:52 | Build | Castle |
| 31:13 | Create | Arambai |
| 31:13 | Create | Arambai |
| 31:14 | Create | Arambai |
| 31:14 | Create | Arambai |
| 31:14 | Create | Arambai |
| 31:14 | Create | Arambai |
| 31:15 | Create | Arambai |
| 31:15 | Create | Arambai |
| 31:15 | Create | Arambai |
| 31:15 | Create | Arambai |
| 31:16 | Create | Arambai |
| 31:16 | Create | Arambai |
| 31:29 | Build | Farm |
| 31:29 | Build | Farm |
| 31:29 | Build | Farm |
| 31:29 | Build | Farm |
| 31:29 | Build | Farm |
| 31:29 | Build | Farm |
| 31:29 | Build | Farm |
| 31:29 | Build | Farm |
| 31:29 | Build | Farm |
| 31:29 | Build | Farm |
| 31:29 | Build | Farm |
| 31:29 | Build | Farm |
| 31:49 | Create | Villager (Male) |
| 31:49 | Create | Villager (Male) |
| 31:49 | Create | Villager (Male) |
| 31:50 | Create | Villager (Male) |
| 31:50 | Create | Villager (Male) |
| 31:50 | Create | Villager (Male) |
| 31:53 | Create | Villager (Male) |
| 31:53 | Create | Villager (Male) |
| 31:53 | Create | Villager (Male) |
| 31:53 | Create | Villager (Male) |
| 32:14 | Build | Farm |
| 32:14 | Build | Farm |
| 32:52 | Build | Town Center |
| 33:29 | Build | Farm |
| 34:08 | Build | Stable |
| 34:44 | Build | Farm |
| 34:44 | Build | Farm |
| 35:07 | Research | Scale Barding Armor |
| 35:09 | Research | Bodkin Arrow |
| 35:46 | Build | Archery Range |
| 36:03 | Research | Imperial Age |
| 36:49 | Research | Crossbowman (upgrade) |
| 36:50 | Create | Archer |
| 36:52 | Create | Skirmisher |
| 36:52 | Create | Skirmisher |
| 36:52 | Create | Skirmisher |
| 36:53 | Create | Skirmisher |
| 36:53 | Create | Skirmisher |
| 36:53 | Create | Skirmisher |
| 37:42 | Research | Murder Holes |
| 39:18 | Create | Trebuchet (Packed) |
| 39:19 | Create | Trebuchet (Packed) |
| 41:02 | Research | Manipur Cavalry |
| 41:04 | Research | Howdah |
Match timeline
| 7:29 | ANTDILLIGAF2 · first_building Barracks |
| 11:09 | Gutiyo1 · first_building Barracks |
| 13:59 | Gutiyo1 · wall_segment Stone Wall x6 |
| 14:02 | Gutiyo1 · wall_segment Stone Wall x10 |
| 14:06 | Gutiyo1 · wall_segment Stone Wall x10 |
| 14:10 | Gutiyo1 · wall_segment Stone Wall x12 |
| 14:16 | Gutiyo1 · wall_segment Stone Wall x8 |
| 16:44 | Gutiyo1 · first_building Archery Range |
| 20:52 | ANTDILLIGAF2 · first_building Stable |
| 25:23 | ANTDILLIGAF2 · first_building Monastery |
| 28:25 | Gutiyo1 · first_building Castle |
| 28:43 | Gutiyo1 · first_building Monastery |
| 29:52 | ANTDILLIGAF2 · first_building Castle |
| 30:04 | Gutiyo1 · first_building Siege Workshop |
| 34:01 | Gutiyo1 · wall_segment Stone Wall x4 |
| 34:05 | Gutiyo1 · wall_segment Stone Wall x8 |
| 34:10 | Gutiyo1 · wall_segment Stone Wall x9 |
| 35:46 | ANTDILLIGAF2 · first_building Archery Range |
| 37:49 | Gutiyo1 · first_market_buy 100 stone |
| 37:55 | Gutiyo1 · first_market_sell 100 wood |
| 47:48 | ANTDILLIGAF2 · first_market_sell 100 wood |
| 47:55 | ANTDILLIGAF2 · first_market_buy 100 food |
| 48:01 | Gutiyo1 · first_building Stable |
| 53:08 | ANTDILLIGAF2 · first_building Siege Workshop |
| 67:46 | ANTDILLIGAF2 · resign |
[ AI ANALYSIS · 1 CREDIT ]
What really happened in this match?
Wolo.gg analyzes every decision: build order, eco, micro, common mistakes by bracket. Personalized analysis on WhatsApp or Discord in 30 seconds.
Civ guide
Britons
Map guide
Glade
Perfil
Jugador #23322921